 Dungeon Crawl Stone Soup version 0.23.2-1-ga50397a (webtiles) character file.

Game seed: 8322125130761630966

150 teukkam the Skirmisher (level 5, -3/47 HPs)
             Began as a Minotaur Berserker on June 2, 2019.
             Was a Priest of Trog.
             Slain by a worm (5 damage)
             ... on level 3 of the Dungeon.
             The game lasted 00:06:01 (2229 turns).

teukkam the Skirmisher (Minotaur Berserker)         Turns: 2229, Time: 00:06:01

Health: -3/47      AC:  2    Str: 23    XL:     5   Next: 10%
Magic:  4/4        EV: 13    Int:  4    God:    Trog [***...]
Gold:   150        SH:  0    Dex:  9    Spells: 4/4 levels left

rFire    . . .     SeeInvis .   a - +0 great sword
rCold    . . .     Gourm    .   (shield currently unavailable)
rNeg     . . .     Faith    .   o - +0 animal skin
rPois    .         Spirit   .   (helmet restricted)
rElec    .         Reflect  .   (no cloak)
rCorr    .         Harm     .   (no gloves)
MR       .....                  (no boots)
Stlth    +.........             (no amulet)
HPRegen  0.15/turn              (no ring)
MPRegen  0.09/turn              (no ring)

@: slowed, very slow
A: retaliatory headbutt, horns 2
a: Berserk, Trog's Hand, Renounce Religion


You were on level 3 of the Dungeon.
You worshipped Trog.
Trog was most pleased with you.
You were not hungry.

You visited 1 branch of the dungeon, and saw 3 of its levels.

You collected 150 gold pieces.

Inventory:

Hand Weapons
 a - a +0 great sword (weapon)
 b - a +0 hunting sling
 j - a +0 hand axe
Missiles
 d - 6 javelins
 p - 18 stones (quivered)
Armour
 o - a +0 animal skin (worn)
Jewellery
 e - an uncursed amulet of rage {unknown}
Scrolls
 f - a scroll of enchant armour {unknown}
 g - a scroll of teleportation {unknown}
 h - 3 scrolls of identify {unknown}
 i - a scroll of fog {unknown}
 k - 3 scrolls of remove curse {unknown}
 l - a scroll of fear {unknown}
Potions
 m - a potion of might {unknown}
 n - a potion of brilliance {unknown}
Comestibles
 c - 5 rations
 q - a chunk of flesh


   Skills:
 + Level 4.8 Fighting
 + Level 1.4 Long Blades
 - Level 4.3 Axes
 + Level 0.3 Slings
 - Level 3.6 Armour
 - Level 3.3 Dodging


You had 4 spell levels left.
You didn't know any spells.
Your spell library was empty.

Dungeon Overview and Level Annotations

Branches:
Dungeon (3/15)

Altars:
Ashenzari


Innate Abilities, Weirdness & Mutations

You reflexively headbutt those who attack you in melee.
You have a pair of horns on your head.


Message History

You headbutt the orc, but do no damage.
The orc priest invokes the aid of Beogh against you.
Pain shoots through your body! The orc hits you with a +0 short sword.
The orc priest closely misses you.
You closely miss the orc priest.
The orc priest is almost dead.
The orc closely misses you. You furiously retaliate!
You headbutt the orc.
You riposte.
You barely miss the orc. You headbutt the orc.
You kill the orc!
Trog accepts your kill. The orc wizard casts a spell at you.
The magic dart hits you!
* * * LOW HITPOINT WARNING * * *
The orc priest barely misses you.
You riposte.
You closely miss the orc priest.
The orc priest is almost dead.
The orc priest invokes the aid of Beogh against you.
Beogh smites you!
* * * LOW HITPOINT WARNING * * *
The worm bites you.
You die...

........ ...!.# #######.
..... ####.. .... #.....
#. ... #..#.# #. ..#.#
###...⌠. #.
%##.#####....#..
.####.##ow........#####.
......o@w....###..# .
........####<####.# .
(#.##...).##.##...# .
###.#.##.##.#.#.##
#.....(...÷......#
.!..#.#.##..##......⌠.
#...###.......######..#.
##. ###.##.## .... #
#.##.# ...


You could see 2 worms, an orc priest and an orc wizard.

Vanquished Creatures
  A hound zombie (D:3)
  4 adders
  2 oozes (D:3)
  4 worms
  2 dart slugs
  A leopard gecko (D:2)
  4 orcs (D:3)
  9 bats
  4 giant cockroaches
  4 hobgoblins
  6 kobolds
  6 frilled lizards
  13 goblins
  12 rats
72 creatures vanquished.

Notes
Turn   | Place    | Note
-------+----------+-------------------------------------------
     0 | D:1      | teukkam the Minotaur Berserker began the quest for the Orb.
     0 | D:1      | Reached XP level 1. HP: 19/19 MP: 0/0
   158 | D:1      | Reached XP level 2. HP: 27/27 MP: 1/1
   513 | D:1      | Reached ** piety under Trog
   603 | D:2      | Reached XP level 3. HP: 30/33 MP: 2/2
  1047 | D:2      | Reached XP level 4. HP: 41/41 MP: 3/3
  1934 | D:3      | Reached skill level 1 in Long Blades
  1941 | D:3      | Found a shattered altar of Ashenzari.
  1946 | D:3      | Reached *** piety under Trog
  2182 | D:3      | Reached XP level 5. HP: 44/47 MP: 4/4
  2229 | D:3      | HP: 2/47 [orc priest/divine providence (11)]
  2229 | D:3      | Slain by a worm

Skill      XL: |  1  2  3  4 |
---------------+-------------+-----
Fighting       | 4 |  4.8
Axes           | 4 |  4.3
Armour         | 3 |  3.6
Dodging        | 3 |  3.3
Long Blades    | 1 |  1.4
Slings         | |  0.3

Action                   |  1- 3 |  4- 6 || total
-------------------------+-------+-------++-------
Melee: Hand axe          |    77 |    18 ||    95
       Headbutt          |    10 |    16 ||    26
       Great sword       |       |    55 ||    55
 Fire: Hunting sling     |       |    13 ||    13
Invok: Berserk           |     1 |       ||     1
  Eat: Chunk             |     1 |     4 ||     5
Armor: Animal skin       |    17 |     9 ||    26
Dodge: Dodged            |    47 |    70 ||   117
       Rpst.: Great sword |       |    13 ||    13
